 Dungeon Crawl Stone Soup version 0.26.1-11-gd32895ea62 (webtiles) character file.

Game seed: 3596000966380581736

29520 Tirrikindir the Carver (level 13, 0/88 HPs)
             Began as an Octopode Fighter on May 25, 2021.
             Was an Initiate of Gozag.
             Slain by an eight-headed hydra (4 damage)
             ... while petrified by a basilisk
             ... on level 8 of the Dungeon.
             The game lasted 00:41:17 (13777 turns).

Tirrikindir the Carver (Octopode Fighter)          Turns: 13777, Time: 00:41:19

Health: 0/88       AC:  1    Str: 24    XL:     13   Next: 45%
Magic:  0/13       EV:  2    Int: 16    God:    Gozag
Gold:   232        SH:  0    Dex: 26    Spells: 12/12 levels left

rFire    + . .     SeeInvis +   H - +4 scimitar (flame)
rCold    . . .     Faith    .   l - +5 kite shield
rNeg     + + +     Spirit   +   (helmet restricted)
rPois    ∞         Reflect  .   u - amulet of guardian spirit
rElec    .         Harm     .   e - +6 ring of dexterity
rCorr    +         Rampage  .   g - +6 ring of intelligence
Will     .....                  h - ring of resist corrosion
Stlth    ++++++....             i - +6 ring of strength
HPRegen  0.24/turn              p - ring of wizardry
MPRegen  0.13/turn              v - +6 ring of dexterity
                                z - ring of see invisible
                                E - ring of protection from fire

@: petrified, studying Stealth
A: almost no armour, stealthy swim, amphibious, 8 rings, constrict 8, camouflage
1, gelatinous body 1
a: Renounce Religion, Potion Petition, Call Merchant, Bribe Branch


You were on level 8 of the Dungeon.
You worshipped Gozag.
Gozag was aware of your devotion.
You visited 3 branches of the dungeon, and saw 14 of its levels.
You also visited: Sewer.

You collected 3903 gold pieces.
You spent 2157 gold pieces at shops.
You paid 1514 gold pieces to Gozag.

Inventory:

Hand Weapons
 H - a +4 scimitar of flaming (weapon)
Missiles
 b - 9 boomerangs (quivered)
Armour
 l - a +5 kite shield (worn)
Jewellery
 e - a +6 ring of dexterity (left tentacle)
 g - a +6 ring of intelligence (right tentacle)
 h - a ring of resist corrosion (on tentacle)
 i - a +6 ring of strength (on tentacle)
 p - a ring of wizardry (on tentacle)
 u - an amulet of guardian spirit (around mantle)
 v - a +6 ring of dexterity (on tentacle)
 z - a ring of see invisible (on tentacle)
 C - a +6 ring of intelligence
 D - an uncursed ring of stealth
 E - a ring of protection from fire (on tentacle)
Wands
 s - a wand of flame (23)
 t - a wand of paralysis (5)
 B - a wand of enslavement (16)
 I - a wand of random effects (9)
 L - a wand of iceblast (12)
Scrolls
 a - a scroll of vulnerability
 n - 4 scrolls of remove curse
 o - 2 scrolls of magic mapping
 q - 9 scrolls of teleportation
 r - 2 scrolls of blinking
 x - a scroll of immolation
 y - a scroll of fear
 A - 2 scrolls of fog
 G - a scroll of torment
 K - a scroll of enchant armour
Potions
 c - 3 potions of might
 d - 3 potions of heal wounds
 f - 4 potions of flight
 j - a potion of magic
 k - 3 potions of curing
 m - a potion of cancellation
 w - a potion of berserk rage
 F - 3 potions of resistance
 J - 2 potions of brilliance
Books
 M - a manual of Stealth


   Skills:
 + Level 8.0 Fighting
 * Level 12.4 Long Blades
 - Level 2.0 Throwing
 * Level 10.7 Dodging
 + Level 9.1 Stealth
 * Level 10.7 Shields
 + Level 7.8 Evocations


You had 12 spell levels left.
You didn't know any spells.
Your spell library contained the following spells:

 Spells                   Type           Power        Failure   Level
 Beastly Appendage        Tmut           0%           17%         1
 Corona                   Hex            0%           17%         1
 Sandblast                Erth           0%           17%         1
 Passwall                 Tmut/Erth      0%           26%         2
 Poisonous Vapours        Pois/Air       0%           26%         2
 Slow                     Hex            0%           26%         2
 Wereblood                Tmut           0%           26%         2
 Conjure Flame            Conj/Fire      0%           45%         3
 Inner Flame              Hex/Fire       0%           45%         3
 Mephitic Cloud           Conj/Pois/Air  0%           45%         3
 Portal Projectile        Hex/Tloc       0%           45%         3
 Spider Form              Tmut/Pois      0%           45%         3
 Stone Arrow              Conj/Erth      0%           45%         3
 Cause Fear               Hex            0%           83%         4
 Ice Form                 Ice/Tmut       0%           83%         4
 Leda's Liquefaction      Hex/Erth       0%           83%         4
 Petrify                  Tmut/Erth      0%           83%         4
 Blade Hands              Tmut           0%           99%         5
 Lee's Rapid Deconstruct  Erth           0%           99%         5
 Freezing Cloud           Conj/Ice/Air   0%           100%        6


Dungeon Overview and Level Annotations

Branches:
Dungeon (12/15)            Temple (1/1) D:7            Lair (1/6) D:8
    Orc (0/2) D:12          Sewer (visited)

Altars:
Ashenzari
Cheibriados
Dithmenos
Elyvilon
Fedhas
Gozag
Hepliaklqana
Kikubaaqudgha
Makhleb
Nemelex Xobeh
Okawaru
Qazlal
Ru
Sif Muna
Trog
Uskayaw
Vehumet
Wu Jian
Xom
Yredelemnul
Zin
The Shining One

Shops:
D:5 [   D:6 (}   D:8 !*}}*=[   D:10 ![[(:   D:11 ?


Innate Abilities, Weirdness & Mutations

You cannot wear most types of armour.
You are very stealthy in the water. (Stealth+)
You are amphibious.
You can wear up to eight rings at the same time.
You can use your tentacles to constrict eight enemies at once.
Your skin changes colour to match your surroundings (Stealth+).
Your rubbery body absorbs attacks. (AC +1, EV +1)


Message History

The blink frog blinks!
You climb upwards.
Welcome back to the Dungeon!
You have turned to stone.
The basilisk gazes at you.
You easily resist.
The eight-headed hydra bites you! x4
* * * LOW HITPOINT WARNING * * *
The eight-headed hydra bites you!
* * * LOW HITPOINT WARNING * * *
The eight-headed hydra bites you.
* * * LOW HITPOINT WARNING * * *
The eight-headed hydra bites you!!
* * * LOW HITPOINT WARNING * * *
The eight-headed hydra bites you.
* * * LOW HITPOINT WARNING * * *
The basilisk bites you.
* * * LOW HITPOINT WARNING * * *
The eight-headed hydra bites you!
* * * LOW HITPOINT WARNING * * *
The eight-headed hydra bites you!
You die...
Your body crumbles into a pile of gold.

#..#...##.....##..##.###.##....
#.................#####..##....
#....)....♣......PP## #..##....
####...........♣.♣....###..#.....
#..#......P...P....P.PP#...#.....
...................♣.............
......#.#........P.P........(....
......###..♣.....l...P.♣.........
..#.### #......D@................
..#.# #?.P..♣....P.............
#...#####..............P....)....
##....#...♣♣.....................
###.......P.....................
##.......#...P..P................
#..........>...♣.................
....).....#.......♣).............
#.........###....................


You could see an eight-headed hydra and a basilisk.

Vanquished Creatures
  Rupert (D:12)
  Nessos (D:12)
  Snorg (D:11)
  4 two-headed ogres
  A centaur warrior (D:11)
  Erica (D:10)
  A tengu warrior (D:12)
  3 unseen horrors (D:12)
  An ugly thing (D:12)
  2 cyclopes (D:12)
  A cane toad (Lair:1)
  A gargoyle (D:12)
  A kobold demonologist (D:9)
  A komodo dragon (D:11)
  2 trolls
  A hornet (D:12)
  4 slime creatures (D:12)
  3 blink frogs (Lair:1)
  A wraith (D:10)
  4 wyverns
  25 yaks
  A basilisk (D:8)
  3 water moccasins
  Purgy (Sewer)
  9 orc warriors
  8 ice beasts
  A swamp drake (D:12)
  2 necrophages (D:10)
  A sky beast (D:10)
  14 ogres
  6 centaurs
  A phantom (D:7)
  17 big kobolds
  9 bullfrogs
  4 gnoll sergeants
  A wyvern zombie (D:11)
  A water moccasin zombie (D:8)
  2 wyvern skeletons
  A scorpion (D:12)
  13 killer bees
  8 wights
  A vampire bat (D:8)
  2 howler monkeys
  3 bullfrog zombies
  2 centaur zombies
  4 jellies
  A gnoll shaman (D:8)
  4 orc priests
  4 centaur skeletons
  7 hounds
  20 orc wizards
  2 bullfrog skeletons
  4 iguanas
  7 worker ants
  A hound zombie (D:7)
  2 hound skeletons
  A mummy (D:11)
  2 howler monkey zombies
  2 worker ant zombies (D:11)
  Robin (D:2)
  26 adders
  31 gnolls
  A howler monkey skeleton (D:4)
  2 shadow imps (D:7)
  2 white imps (D:7)
  7 ufetubi
  8 worms
  3 dart slugs
  9 leopard geckos
  47 orcs
  3 bat skeletons (D:8)
  4 bat zombies (D:8)
  4 giant cockroaches
  16 goblins
  17 hobgoblins
  23 jackals
  19 kobolds
  5 quokkas
  A ball python (D:5)
  5 bats
  6 frilled lizards
  A quokka zombie (D:9)
  6 rats
479 creatures vanquished.

Vanquished Creatures (collateral kills)
  3 gnolls (D:7)
3 creatures vanquished.

Vanquished Creatures (others)
  3 fungi (D:8)
  12 plants (D:8)
  A withered plant (D:11)
16 creatures vanquished.

Grand Total: 498 creatures vanquished

Notes
Turn   | Place    | Note
-------+----------+-------------------------------------------
     0 | D:1      | Tirrikindir the Octopode Fighter began the quest for the
                  | Orb.
     0 | D:1      | Reached XP level 1. HP: 16/16 MP: 1/1
    42 | D:1      | Reached XP level 2. HP: 9/21 MP: 2/2
   223 | D:1      | Reached skill level 1 in Stealth
   594 | D:1      | Reached XP level 3. HP: 13/26 MP: 3/3
  1142 | D:2      | Reached XP level 4. HP: 30/31 MP: 4/4
  1144 | D:2      | Reached skill level 3 in Long Blades
  1517 | D:2      | Reached XP level 5. HP: 36/36 MP: 5/5
  1583 | D:2      | Noticed Robin
  1602 | D:2      | Killed Robin
  2081 | D:3      | Found a glowing drain.
  2109 | Sewer    | Entered a sewer
  2143 | Sewer    | Noticed Purgy
  2148 | Sewer    | Killed Purgy
  2149 | Sewer    | Reached skill level 4 in Long Blades
  2149 | Sewer    | Reached XP level 6. HP: 41/43 MP: 6/6
  2273 | D:3      | Found a hazy altar of Hepliaklqana.
  3107 | D:4      | Reached skill level 1 in Evocations
  3232 | D:4      | Reached XP level 7. HP: 48/48 MP: 7/7
  3465 | D:4      | Found a burning altar of Makhleb.
  3467 | D:4      | Found a glowing silver altar of Zin.
  3467 | D:4      | Noticed an angel
  3468 | D:4      | Noticed an Executioner
  3488 | D:4      | Found an opulent altar of Gozag.
  3493 | D:4      | Became a worshipper of Gozag Ym Sagoz the Greedy
  3546 | D:4      | Reached skill level 5 in Long Blades
  4186 | D:5      | Entered Level 5 of the Dungeon
  4202 | D:5      | Found Borghije's Armour Emporium.
  4247 | D:5      | Reached skill level 6 in Long Blades
  4274 | D:5      | Reached XP level 8. HP: 53/54 MP: 8/8
  4327 | D:5      | Reached skill level 7 in Long Blades
  4491 | D:5      | Reached skill level 8 in Long Blades
  4940 | D:6      | Found Buemn's Antique Weapon Boutique.
  4946 | D:6      | Found a snail-covered altar of Cheibriados.
  5006 | D:6      | Reached XP level 9. HP: 46/59 MP: 9/9
  5392 | D:6      | Reached skill level 5 in Dodging
  5392 | D:6      | Reached skill level 5 in Shields
  5535 | D:6      | Reached skill level 5 in Stealth
  5629 | D:6      | Reached skill level 1 in Throwing
  6566 | D:7      | Found a sacrificial altar of Ru.
  6850 | D:7      | Found a staircase to the Ecumenical Temple.
  6871 | Temple   | Entered the Ecumenical Temple
  6981 | D:7      | Reached skill level 9 in Long Blades
  7231 | D:7      | Reached skill level 5 in Fighting
  7481 | D:8      | Reached XP level 10. HP: 66/66 MP: 10/10
  7508 | D:8      | Found Ecrusaun's Jewellery Shop.
  7626 | D:8      | Found Saitity's Gadget Emporium.
  7631 | D:8      | Found Veicravit's Assorted Antiques.
  7639 | D:8      | Bought a silvery potion for 21 gold pieces
  7639 | D:8      | Bought a runed falchion for 144 gold pieces
  7639 | D:8      | Bought a scroll labelled QEROMNECHU for 24 gold pieces
  7639 | D:8      | Bought a short bone wand for 96 gold pieces
  8496 | D:8      | Noticed a two-headed ogre
  8504 | D:8      | Killed a two-headed ogre
  8505 | D:8      | Reached skill level 10 in Long Blades
  8643 | D:8      | Found an ancient bone altar of Kikubaaqudgha.
  8709 | D:8      | Found a staircase to the Lair.
  8866 | D:8      | Reached XP level 11. HP: 72/72 MP: 11/11
  8887 | D:8      | Reached skill level 5 in Evocations
  9021 | D:8      | Found Eluts's Antique Armour Shop.
  9105 | D:8      | Found Titheni's Gadget Boutique.
  9185 | D:8      | Found Teetaij's General Store.
  9505 | D:9      | Noticed a two-headed ogre
  9518 | D:9      | Killed a two-headed ogre
  9983 | D:9      | Found a shimmering blue altar of Sif Muna.
  9990 | D:9      | Found a basalt altar of Yredelemnul.
 10324 | D:8      | Bought a potion of might for 44 gold pieces
 10324 | D:8      | Bought a potion of might for 44 gold pieces
 10342 | D:10     | Entered Level 10 of the Dungeon
 10548 | D:10     | Found Deronk's Distillery.
 10550 | D:10     | Noticed Erica
 10558 | D:10     | Killed Erica
 10596 | D:10     | Found Wissot's Antique Armour Emporium.
 10596 | D:10     | Found Exuzotis's Armour Emporium.
 10870 | D:10     | Found Mumosa Atha's Weapon Boutique.
 10870 | D:10     | Found Guna's Book Shoppe.
 10874 | D:10     | Found a blossoming altar of Fedhas.
 10912 | D:10     | Reached XP level 12. HP: 80/80 MP: 12/12
 10916 | D:10     | Reached skill level 11 in Long Blades
 11310 | D:11     | Found Nianep's Magic Scroll Emporium.
 11312 | D:11     | Noticed a centaur warrior
 11323 | D:11     | Killed a centaur warrior
 11327 | D:11     | Bought a scroll of random uselessness for 18 gold pieces
 11462 | D:11     | Noticed Snorg
 11477 | D:11     | Killed Snorg
 12164 | D:12     | Found a staircase to the Orcish Mines.
 12165 | D:12     | Noticed a two-headed ogre
 12182 | D:12     | Killed a two-headed ogre
 12221 | D:12     | Noticed Rupert
 12228 | D:12     | Killed Rupert
 12450 | D:12     | Reached skill level 10 in Shields
 12562 | D:12     | Noticed a two-headed ogre
 12567 | D:12     | Killed a two-headed ogre
 12568 | D:12     | Reached skill level 10 in Dodging
 12590 | D:12     | Reached XP level 13. HP: 68/87 MP: 10/13
 12688 | D:12     | Noticed Nessos
 12708 | D:12     | Reached skill level 12 in Long Blades
 12714 | D:12     | Killed Nessos
 13191 | D:12     | Found a snail-covered altar of Cheibriados.
 13720 | D:10     | Bought a manual of Stealth for 1766 gold pieces
 13755 | Lair:1   | Entered Level 1 of the Lair of Beasts
 13777 | D:8      | HP: 4/88 [eight-headed hydra (4)]
 13777 | D:8      | Slain by an eight-headed hydra

Illustrated notes

Levels and vault maps discovered:
D:1:      minmay_arrival_four_houses, layout_basic
D:2:      layout_loops_cross, minmay_misc_feat_more_columns, uniq_robin
D:3:      layout_basic, lemuel_doored_altar, cheibrodos_sewer_entry_bend,
          hangedman_feature_mirror, minmay_stone_trees_small, kennysheep_nub,
          dk_vineyard_1
D:4:      wad_pebble_path, layout_basic,
          grunt_temple_overflow_order_and_chaos_2, grunt_gozag_breadcrumbs
D:5:      minmay_diamond_boxcup, layout_cave_pools, serial_shops,
          kennysheep_mini
D:6:      layout_loops_ring, serial_shops, shop, basic_altar
D:7:      layout_loops_corners, overflow_temple_1_default,
          minmay_temple_entry_glass
D:8:      layout_cave_pools, kennysheep_vampire_church, minmay_lair_entry_grove,
          serial_shops, nicolae_shop_waterfront, shop, shop,
          kennysheep_mini_moat, nicolae_shop_temple_entry_statues_fountains,
          serial_gnoll_camp, gnoll_camp_huts_basic, gnoll_camp_mini_basic,
          gnoll_camp_mini_hut, gnoll_camp_mini_shop
D:9:      layout_cave_pools, amethyst_overflow_temple_binary, special_room
          [special_room_kobold]
D:10:     layout_cave_pools, basic_altar, serial_shops, shop,
          nicolae_shop_waterfront, nicolae_shop_statue_plus, shop, shop,
          uniq_erica
D:11:     layout_gridville, serial_shops, shop_fountains, serial_undead,
          serial_undead_d, serial_undead_d, serial_undead_d, serial_undead_c,
          serial_undead_a, uniq_snorg
D:12:     minmay_chambers_of_sixes, layout_loops_ring, erik_orc_1, basic_altar,
          uniq_nessos, uniq_rupert
Temple:   jpeg_temple_clearing
Lair:1:   gammafunk_lair_enchanted_lake, layout_layer_cave,
          guppyfry_lair_drakes, infiniplex_staircase_pool_2

Skill      XL: |  1  2  3  4  5  6  7  8  9 10 11 12 13 |
---------------+----------------------------------------+-----
Stealth        | 1 2 3 4 5 7 8 9 |  9.1
Long Blades    | 3 4 6 8 9 10 11 12 | 12.4
Fighting       | 4 5 6 7 8 |  8.0
Dodging        | 4 6 7 8 10 | 10.7
Shields        | 4 6 7 8 10 | 10.7
Evocations     | 1 2 3 4 6 7 |  7.8
Throwing       | 2 |  2.0

Action                   |  1- 3 |  4- 6 |  7- 9 | 10-12 | 13-15 || total
-------------------------+-------+-------+-------+-------+-------++-------
Melee: Long sword        |    47 |   125 |   220 |   329 |       ||   721
       Constrict         |    16 |    49 |    63 |   110 |    10 ||   248
       Tentacles         |     3 |    41 |    88 |   251 |    52 ||   435
       Scimitar          |       |       |       |   212 |    98 ||   310
Throw: Boomerang         |       |       |    11 |    20 |     2 ||    33
Invok: Call Merchant     |       |       |     1 |     1 |       ||     2
Evoke: Wand              |       |       |     1 |     2 |     2 ||     5
  Use: Scroll            |     3 |     7 |     8 |    15 |       ||    33
       Potion            |       |     1 |       |     4 |       ||     5
 Stab: Sleeping          |     7 |    17 |    28 |    24 |    10 ||    86
       Distracted        |       |     1 |     6 |    11 |       ||    18
       Confused          |       |       |       |     1 |       ||     1
       Paralysed         |       |       |       |       |     9 ||     9
Armor: Skin              |     2 |     3 |     4 |     8 |       ||    17
Dodge: Dodged            |    11 |    39 |    81 |   187 |    30 ||   348
Block: Kite shield       |    19 |    51 |   125 |   334 |    58 ||   587
       Rpst.: Long sword |     4 |     8 |    24 |    29 |       ||    65
       Scimitar          |       |       |       |    17 |     9 ||    26
